 Dungeon Crawl Stone Soup version 0.19-a0-1891-ge1d1fe8 (webtiles) character file.

1199283 PurpleRed the Archmage (level 27, -5/175 HPs)
             Began as a Kobold Conjurer on Oct 15, 2016.
             Was the Champion of Vehumet.
             Killed from afar by Asmodeus (50 damage)
             ... with damnation
             ... on level 7 of Gehenna on Oct 18, 2016.
             The game lasted 10:50:17 (28494 turns).

PurpleRed the Archmage (Kobold Conjurer)           Turns: 28494, Time: 10:50:18

Health: -5/175     AC: 14    Str:  5      XL:     27
Magic:  7/54       EV: 31    Int: 49      God:    Vehumet [******]
Gold:   3564       SH:  0    Dex: 18 (19) Spells: 16 memorised, 6 levels left

rFire  + + +     SeeInvis .     a - staff of fire
rCold  + + .     Gourm    .     A - +1 leather armour "Lipru" {Regen+ Int+9 Dex-4}
rNeg   + + +     Faith    .     (shield currently unavailable)
rPois  +         Spirit   .     G - +2 helmet {Int+3}
rElec  +         Reflect  .     x - +2 cloak {MR+}
rCorr  +         Harm     .     Y - +0 pair of gloves of Ru's Approval {rN++ Str-5 Int+3 Dex+4}
MR     ++++.                    S - +2 pair of boots
Stlth  +++.......               N - amulet "Casm" {rC+ Regen+ Int+4}
                                P - ring of Foolhardiness {rF+ rN+}
                                p - ring "Diyth" {rElec rPois MR+ Str+2 Int+5}

@: resistant, flying, contaminated, glowing, studying Translocations, repel
missiles
A: agile 1, carnivore 3
a: Renounce Religion
}: 15/15 runes: decaying, slimy, silver, golden, iron, obsidian, icy, bone,
abyssal, demonic, glowing, magical, fiery, dark, gossamer


You were on level 7 of Gehenna.
You worshipped Vehumet.
Vehumet was exalted by your worship.
You were not hungry.

You visited 17 branches of the dungeon, and saw 83 of its levels.
You visited Pandemonium 1 time, and saw 20 of its levels.
You visited the Abyss 1 time.
You visited 1 bazaar.
You visited 1 ziggurat, and saw 20 of its levels.

You collected 5875 gold pieces.
You spent 2311 gold pieces at shops.

Inventory:

Hand Weapons
 w - the +4 dagger "Morg" {pain, MR+ Int+5}
   (You found it on level 20 of a ziggurat)

   In the hands of one skilled in necromantic magic, it inflicts extra damage on
   living creatures.
   It affects your intelligence (+5).
   It affects your resistance to hostile enchantments.
Armour
 i - the +2 buckler "Bexzimm" {*Drain rPois MR+ Dex+4}
   (You found it on level 17 of a ziggurat)

   It affects your dexterity (+4).
   It protects you from poison.
   It affects your resistance to hostile enchantments.
   It causes draining when unequipped.
 x - a +2 cloak of magic resistance (worn)
 A - the +1 leather armour "Lipru" (worn) {Regen+ Int+9 Dex-4}
   (You bought it in a shop on level 4 of the Dungeon)

   It affects your intelligence (+9).
   It affects your dexterity (-4).
   It increases your rate of regeneration.
 G - a +2 helmet of intelligence (worn)
 S - a +2 pair of boots (worn)
 Y - the +0 pair of gloves of Ru's Approval (worn) {rN++ Str-5 Int+3 Dex+4}
   (You bought it in a shop on level 4 of the Dungeon)

   It affects your strength (-5).
   It affects your intelligence (+3).
   It affects your dexterity (+4).
   It greatly protects you from negative energy.
Magical Staves
 a - an uncursed staff of fire (weapon)
 b - an uncursed staff of energy
 U - an uncursed staff of earth
Rods
 E - a +2 rod of inaccuracy (13/13)
   (You took it off a deep elf elementalist on level 3 of the Elven Halls)
Jewellery
 c - the ring "Zeqe" {Str+6 Dex+5 Slay-6 SInv}
   (You found it on level 19 of a ziggurat)

   [ring of see invisible]

   It affects your strength (+6).
   It affects your dexterity (+5).
   It affects your accuracy and damage with ranged weapons and melee attacks
   (-6).
   It lets you see invisible.
 p - the ring "Diyth" (left hand) {rElec rPois MR+ Str+2 Int+5}
   (You found it on level 19 of a ziggurat)

   [ring of intelligence]

   It affects your strength (+2).
   It affects your intelligence (+5).
   It insulates you from electricity.
   It protects you from poison.
   It affects your resistance to hostile enchantments.
 s - the ring "Daiwk" {Fire Dex+5}
   (You found it on level 3 of the Crypt)

   [ring of fire]

   It enhances your fire magic.
   It affects your dexterity (+5).
   It protects you from fire.
   It makes you vulnerable to cold.
 t - the ring "Zuyskig" {rC+ rN+}
   (You found it on level 3 of the Crypt)

   [ring of positive energy]

   It protects you from cold.
   It protects you from negative energy.
 N - the amulet "Casm" (around neck) {rC+ Regen+ Int+4}
   (You found it on level 18 of a ziggurat)

   [amulet of regeneration]

   It affects your intelligence (+4).
   It protects you from cold.
   It increases your rate of regeneration.
 P - the ring of Foolhardiness (right hand) {rF+ rN+}
   (You found it on level 3 of the Crypt)

   [ring of positive energy]

   It protects you from fire.
   It protects you from negative energy.
 X - an uncursed ring of magical power
Wands
 d - a wand of iceblast (11/15)
 n - a wand of lightning (9/15)
Scrolls
 e - 20 scrolls of remove curse
 g - 6 scrolls of magic mapping
 h - 8 scrolls of fog
 l - 7 scrolls of enchant armour
 y - 11 scrolls of identify
 F - 3 scrolls of holy word
 I - 11 scrolls of teleportation
 L - 9 scrolls of recharging
 Q - 4 scrolls of fear
Potions
 f - 2 potions of flight
 o - a potion of brilliance
 r - 2 potions of haste
 u - 2 potions of agility
 v - 2 potions of curing
 B - 3 potions of invisibility
 C - a potion of magic
 K - 12 potions of cure mutation
 M - 2 potions of ambrosia
 W - 2 potions of resistance
 Z - a potion of cancellation
Books
 D - a manual of Translocations
 R - a Necronomicon

   Spells                             Type                      Level
   a - Haunt                          Necromancy/Summoning         7
   b - Borgnjor's Revivification      Necromancy                   8
   c - Death's Door                   Charms/Necromancy            8
   d - Infestation                    Necromancy                   8
   e - Necromutation                  Transmutation/Necromancy     8
Miscellaneous
 k - a phial of floods
 T - 12 phantom mirrors
Comestibles
 O - 12 meat rations
 V - 6 royal jellies


   Skills:
 + Level 18.7 Fighting
 + Level 21.3 Dodging
 + Level 18.1 Stealth
 O Level 27 Spellcasting
 - Level 21.6 Conjurations
 - Level 5.0 Charms
 - Level 17.0 Necromancy
 - Level 17.8 Translocations
 - Level 21.1 Fire Magic
 - Level 20.0 Earth Magic
 - Level 10.0 Evocations


You had 6 spell levels left.
You knew the following spells:

 Your Spells              Type           Power        Failure   Level  Hunger
a - Magic Dart            Conj           ####         0%          1    None
b - Fire Storm            Conj/Fire      #########.   1%          9    None
c - Borgnjor's Revivific  Necr           ########..   1%          8    None
d - Iskenderun's Battles  Conj/Chrm      ########     1%          5    None
e - Fireball              Conj/Fire      #########.   0%          5    None
f - Shatter               Erth           ########..   2%          9    None
g - Iron Shot             Conj/Erth      ########..   0%          6    None
h - Blink                 Tloc           N/A          0%          2    None
i - Delayed Fireball      Conj/Fire      N/A          1%          7    None
j - Repel Missiles        Chrm/Air       ######       1%          2    None
k - Ring of Flames        Chrm/Fire      ########..   1%          7    None
l - Controlled Blink      Tloc           N/A          1%          8    None
q - Apportation           Tloc           ########..   0%          1    None
r - Regeneration          Chrm/Necr      ########..   0%          3    None
w - Passage of Golubria   Tloc           N/A          0%          4    None
x - Sublimation of Blood  Necr           ########..   0%          2    None


Dungeon Overview and Level Annotations

Branches:
Dungeon (15/15)            Temple (1/1) D:6            Lair (6/6) D:9
  Swamp (4/4) Lair:2       Spider (4/4) Lair:2        Slime (5/5) Lair:6
    Orc (2/2) D:12            Elf (3/3) Orc:2        Vaults (5/5) D:14
  Crypt (3/3) Vaults:2       Tomb (3/3) Crypt:3      Depths (3/5) D:15
   Hell (1/1)                 Dis (7/7) Hell            Geh (7/7) Hell
    Coc (7/7) Hell            Tar (7/7) Hell

Altars:
Ashenzari
Cheibriados
Dithmenos
Elyvilon
Gozag
Hepliaklqana
Kikubaaqudgha
Makhleb
Okawaru
Qazlal
Ru
Sif Muna
Trog
Uskayaw
Vehumet
Xom
Yredelemnul
Zin
The Shining One

Shops:
D:4 [   D:6 *   D:9 :   D:10 *   Orc:2 :[=%   Vaults:1 =   Vaults:3 (

Portals:
Hell: Depths:1 Depths:2 Depths:3
Abyss: Depths:1
Pandemonium: Depths:3

Annotations:
D:2 Sigmund
D:3 PurpleRed's ghost, weakling KoCj
D:6 Menkaure
D:12 DemiseSR's ghost, journeyman MiBe
Elf:2 Asterion
Vaults:4 Mennas
Geh:7 Asmodeus


Innate Abilities, Weirdness & Mutations

You are small and have problems with some larger weapons.
You are carnivorous and can eat meat at any time.
You are agile. (Dex +2)


Message History

Casting: Controlled Blink
Confirm with . or Enter, or press ? or * to list all spells.
Blink to where?
Press: ? - help, Dir - move target cursor You are contaminated with residual magic.
You feel less vulnerable to fire.
Okay, then.
Okay, then.
You feel very buoyant.
You fly up into the air.
You feel much better.
Casting: Controlled Blink
Confirm with . or Enter, or press ? or * to list all spells.
Blink to where?
Press: ? - help, Dir - move target cursor You miscast Controlled Blink.
You catch a glimpse of the back of your own head.
Asmodeus gestures at you.
The sphere of damnation explodes!
The damnation engulfs you!
You die...

#....#§§§§§††.§.§≈§≈≈≈≈≈§≈≈§.....
.......§§&§†.)≈≈≈§§≈≈≈≈≈≈.§§..W..
....}#..§§§.§§≈≈§§§≈≈≈≈§§§.§)....
....}#.......§§≈§§≈≈≈§≈≈≈.§......
#...##.....)†≈§§≈≈§≈§§≈≈≈.§....#.
#......§≈≈≈§§§§§≈≈§≈≈).......
....§..≈≈§≈≈§≈§§§≈§§≈≈.......#
....≈≈.≈≈§≈§§≈§≈≈§≈≈..)........
...§§§≈§≈§§≈§§@≈§§≈≈≈.......)..
.≈.§§≈§≈≈≈≈≈≈≈≈≈≈≈≈≈)..........
≈§§§≈≈§≈≈§≈≈≈§≈≈≈≈≈).)........
≈§≈§≈≈§≈≈≈≈§≈≈§§.............
§≈§§≈≈≈≈≈§§≈≈§§............
§§≈≈≈§§≈§≈≈§§§.............
≈≈§≈§≈...≈............†...
≈§§§≈..≈.........#.......
§≈≈.............#.Z.....


You could see Asmodeus.

Vanquished Creatures
  Cerebov (Pan)
  Antaeus (Coc:7)
  the Royal Jelly (Slime:5)
  Gloorx Vloq (Pan)
  Lom Lobon (Pan)
  Mnoleg (Pan)
  2 ancient liches
  6 juggernauts (Zig:20)
  24 greater mummies
  9 pandemonium lords
  7 shard shrikes (Zig:19)
  3 Killer Klowns
  4 caustic shrikes (Zig:17)
  Geryon (Hell)
  4 bone dragons
  2 profane servitors
  11 Brimstone Fiends
  3 doom hounds
  4 iron giants
  9 liches
  3 Tzitzimimeh
  3 hellephants (Zig:17)
  23 Ice Fiends
  6 tentacled monstrosities
  A shard shrike skeleton (Crypt:1)
  A quicksilver dragon (shapeshifter) (Zig:9)
  3 deep elf blademasters
  13 Hell Sentinels
  6 titans (Zig:20)
  A deep elf master archer (Elf:3)
  4 quicksilver dragons
  24 acid blobs
  3 tentacled starspawn
  14 Executioners (Pan)
  Murray (Hell)
  Gastronok (Lair:3)
  20 ancient champions
  The ghost of DemiseSR the Executioner, an adept MiBe of Trog (Spider:1)
  7 shadow dragons
  12 sphinxes
  5 thorn hunters
  A shadow dragon (shapeshifter) (Zig:11)
  4 storm dragons
  8 azure jellies
  4 tengu reavers
  8 revenants
  5 blood saints (Pan)
  4 iron dragons
  10 fire giants
  6 vault wardens
  3 draconian knights (Zig:19)
  2 frost giants (shapeshifter)
  10 deep elf sorcerers
  A ghost moth (Spider:4)
  9 frost giants
  6 curse skulls
  32 balrugs
  15 cacodemons
  4 ghouls
  10 ironheart preservers
  9 emperor scorpions
  7 very ugly things
  59 reapers
  3 warmongers (Pan)
  16 war gargoyles
  3 draconian annihilators (Pan)
  An elemental wellspring (Coc:7)
  9 stone giants
  3 deep elf elementalists (Elf:3)
  3 deep elf demonologists
  A juggernaut skeleton (Crypt:1)
  3 corrupters (Pan)
  2 entropy weavers
  4 vampire knights
  4 bennus (Tomb:3)
  12 deep elf annihilators
  Nessos (D:14)
  5 black suns (Pan)
  3 dire elephants (Zig:17)
  23 blizzard demons
  12 mummy priests
  9 death oozes (Slime:5)
  9 deep elf death magi
  10 eidola
  10 green deaths (Pan)
  3 merfolk javelineers
  8 ettins
  4 merfolk impalers
  4 quicksilver dragon zombies
  Josephine (D:12)
  10 jiangshi
  7 deep elf high priests
  A fire dragon (Depths:2)
  Erolcha (D:10)
  6 great orbs of eyes
  5 yaktaur captains
  6 rakshasas
  25 vault guards (Vaults:5)
  2 hell beasts
  26 hydras
  Harold (D:10)
  3 naga warriors (Zig:7)
  13 ice dragons
  A quicksilver dragon skeleton (Dis:7)
  5 monstrous demonspawn (Pan)
  5 merfolk aquamancers
  Erica (D:8)
  A catoblepas (Lair:4)
  11 ogre magi
  3 alligators
  5 centaur warriors
  14 dancing weapons
  A merfolk avatar (Zig:16)
  2 deep troll earth magi
  3 death knights
  44 death scarabs
  4 death yaks (Lair:4)
  A tengu warrior (D:15)
  10 hell hogs
  3 vampire magi
  A deep troll shaman (Depths:3)
  5 thrashing horrors
  Urug (D:14)
  5 titan zombies
  3 naga sharpshooters (Zig:7)
  3 storm dragon zombies
  5 iron golems
  51 sun demons
  5 titan skeletons
  16 deep elf knights
  4 wretched stars
  An iron troll (shapeshifter) (Zig:11)
  12 shadow wraiths
  Sonja (Orc:2)
  A spatial maelstrom (Abyss:3)
  24 large abominations
  27 soul eaters
  95 skeletal warriors
  7 golden dragon zombies
  9 shadow demons
  2 storm dragon skeletons
  8 sixfirhies (Pan)
  7 anaconda zombies
  A glowing orange brain (shapeshifter) (Zig:10)
  14 deep trolls
  A ghost moth zombie (Geh:7)
  5 infernal demonspawn (Pan)
  5 sea snakes
  6 flayed ghosts
  4 spriggan druids
  5 torturous demonspawn (Pan)
  A death drake (shapeshifter) (Zig:15)
  6 glowing orange brains
  23 hell knights
  7 gelid demonspawn (Pan)
  A death drake (Tar:7)
  3 golden dragon skeletons
  A wizard (Vaults:2)
  19 phantasmal warriors
  5 anaconda skeletons
  A shambling mangrove (Swamp:4)
  3 obsidian statues
  2 naga ritualists (Zig:7)
  8 ironbrand convokers
  3 shadow dragon zombies
  12 starcursed masses
  8 swamp dragons
  12 deep elf archers
  A harpy (shapeshifter) (Vaults:3)
  A deep troll (shapeshifter) (Zig:10)
  A sphinx zombie (Zig:12)
  An orb spider (shapeshifter) (D:14)
  14 necromancers
  11 orb spiders
  5 hill giants
  5 orc knights
  3 wolf spider zombies
  9 harpies
  5 shadow dragon skeletons
  9 fire giant zombies
  A faun (shapeshifter) (Zig:11)
  3 shining eyes
  17 wolf spiders
  3 worldbinders
  28 ugly things
  4 manticores (Zig:16)
  8 stone giant zombies
  30 deep elf magi
  2 orc sorcerers
  A tengu skeleton (Zig:12)
  7 cyclopes
  A cyclops (shapeshifter) (Vaults:5)
  A mana viper (Zig:7)
  3 oklob plants (Zig:8)
  7 frost giant zombies
  3 fauns (Zig:16)
  A shock serpent zombie (Dis:2)
  4 sirens
  A spriggan zombie (Zig:12)
  36 rust devils
  7 elephants
  2 moths of wrath (Spider:4)
  9 black mambas
  A water nymph (shapeshifter) (Zig:9)
  4 eyes of devastation
  A guardian serpent (Abyss:2)
  8 molten gargoyles (Geh:7)
  8 vault sentinels
  3 fire giant skeletons
  3 frost giant skeletons
  3 dire elephant zombies
  9 water nymphs
  9 apocalypse crabs
  19 spiny frogs
  3 stone giant skeletons
  2 iron dragon skeletons
  2 eyes of devastation (shapeshifter)
  27 smoke demons
  29 hellions
  A catoblepas zombie (Dis:5)
  3 torpor snails
  14 orange demons
  A shock serpent skeleton (Tar:3)
  5 spectral swamp worms (Depths:2)
  5 rime drakes
  2 emperor scorpion zombies
  22 yaktaurs
  3 dire elephant skeletons
  37 tormentors
  7 efreet
  11 demonic crawlers
  A komodo dragon (shapeshifter) (Vaults:5)
  6 komodo dragons
  38 guardian mummies
  25 freezing wraiths
  12 hellwings
  38 red devils
  22 ice devils
  A tengu conjurer (D:15)
  13 hydra zombies
  3 ancient zymes (Abyss:2)
  A human skeleton (Vaults:2)
  8 tyrant leeches
  5 wind drakes (Zig:16)
  2 trolls
  28 jumping spiders
  8 hydra skeletons
  A shadow dragon simulacrum (Zig:19)
  33 two-headed ogres
  4 polar bears
  A death drake skeleton (Crypt:2)
  11 blink frogs
  11 merfolk
  10 hornets
  11 bog bodies
  A harpy skeleton (Tar:5)
  A blink frog (shapeshifter) (Vaults:2)
  Grinder (D:5)
  10 hippogriffs
  A meliai zombie (D:13)
  4 snapping turtles (Zig:16)
  4 raiju (Abyss:2)
  106 slime creatures
  2 dream sheep (D:10)
  2 fire dragon zombies
  A slime creature (shapeshifter) (Vaults:5)
  3 ettin zombies
  3 ice dragon zombies
  An iron dragon simulacrum (Tar:2)
  4 alligator zombies
  6 ice dragon skeletons
  5 air elementals
  3 ettin skeletons
  A fire giant simulacrum (Vaults:2)
  20 water elementals
  12 tarantellas
  25 flying skulls
  9 shadows
  3 spriggans (Swamp:1)
  46 redbacks
  11 ynoxinuls
  29 wraiths
  15 humans (D:14)
  25 yaks
  A vampire (D:13)
  2 elf simulacra (Zig:19)
  19 ushabtiu
  8 golden eyes
  A basilisk (Zig:17)
  A human (shapeshifter) (Vaults:1)
  2 wyverns
  15 fire elementals
  11 chaos spawn
  A fire bat (Abyss:1)
  3 hungry ghosts
  A mottled dragon (D:14)
  12 vampire mosquitoes
  17 neqoxecs
  8 swamp worms
  2 wargs
  2 infernal demonspawn zombies
  A swamp worm (shapeshifter) (Vaults:5)
  Edmund (D:4)
  A monstrous demonspawn zombie (Crypt:1)
  An insubstantial wisp (Zig:4)
  6 spatial vortices (Abyss:3)
  2 spiny frog zombies
  3 hydra simulacra (Coc:7)
  A soldier ant (D:11)
  10 water moccasins
  12 porcupines
  32 hell hounds
  A floating eye (shapeshifter) (Vaults:5)
  10 swamp drakes
  A black bear (Lair:5)
  6 small abominations (Abyss:2)
  4 ice beasts
  An ice dragon simulacrum (Tomb:1)
  25 orc warriors
  6 sky beasts
  3 spiny frog skeletons
  A human zombie (Vaults:2)
  5 eyes of draining
  5 phantoms
  A dream sheep zombie (Crypt:2)
  2 snapping turtle zombies (Dis:3)
  2 swamp dragon zombies
  4 boggarts
  16 necrophages
  48 ogres
  17 centaurs
  A snapping turtle skeleton (Crypt:2)
  10 wolves
  A manticore skeleton (Coc:7)
  11 crocodiles
  4 big kobolds
  23 bullfrogs
  An elf zombie (Dis:2)
  An earth elemental (Elf:2)
  A deep troll simulacrum (Vaults:2)
  2 wyvern zombies
  3 spiny frog simulacra
  8 wyvern skeletons
  A cyclops skeleton (Crypt:2)
  2 scorpions
  A raiju zombie (Crypt:1)
  12 killer bees
  A water moccasin skeleton (D:9)
  A raiju skeleton (Crypt:2)
  12 wights
  7 electric eels
  A howler monkey (D:6)
  20 crimson imps
  2 bullfrog zombies
  4 quasits
  6 hounds
  20 iron imps
  25 orc priests
  9 jellies
  15 orc wizards
  4 bullfrog skeletons
  A centaur skeleton (Tar:1)
  Jessica (D:2)
  3 iguanas
  A porcupine zombie (Crypt:1)
  5 hell rats (Lair:6)
  A lightning spire (Zig:15)
  7 worker ants
  A killer bee zombie (D:5)
  An ogre zombie (Crypt:1)
  A tengu zombie (Dis:7)
  A hound zombie (Crypt:1)
  A hound skeleton (D:8)
  19 mummies
  3 worker ant zombies
  15 adders
  14 shadow imps
  9 white imps
  An ufetubus (Abyss:1)
  3 oozes
  An ooze (shapeshifter) (Elf:3)
  2 worms
  A dart slug (D:3)
  6 leopard geckos
  68 orcs
  3 ball pythons
  5 giant cockroaches
  10 goblins
  5 hobgoblins
  7 jackals
  11 kobolds
  5 quokkas
  5 bats
  5 frilled lizards
  A quokka skeleton (D:4)
  8 rats
  3 bushes (Zig:18)
  2 crawling corpses (Elf:3)
  3 fire vortices
  A fungus (Lair:5)
  A lurking horror (Abyss:1)
  14 plants
  A starspawn tentacle (Abyss:2)
  6 withered plants (Crypt:3)
3237 creatures vanquished.

Vanquished Creatures (collateral kills)
  5 greater mummies
  An iron giant (Zig:20)
  A tentacled monstrosity (Pan)
  An Ice Fiend (Zig:19)
  2 liches
  An Executioner (Pan)
  A storm dragon (Vaults:5)
  A cacodemon (Pan)
  A reaper (Depths:3)
  A war gargoyle (Dis:7)
  A vampire knight (Crypt:1)
  A dire elephant (Zig:17)
  A merfolk javelineer (Zig:8)
  A green death (Pan)
  A death ooze (Zig:14)
  2 great orbs of eyes
  A quicksilver dragon skeleton (Pan)
  2 death scarabs (Tomb:3)
  A golden dragon zombie (Dis:3)
  A shambling mangrove (Zig:3)
  2 ugly things (Depths:1)
  A deep elf mage (Zig:15)
  A demonic crawler (Pan)
  2 ice devils
  A harpy zombie (Crypt:3)
  A red devil (Pan)
  A hornet (Zig:3)
  An ice dragon zombie (Dis:7)
  3 large abominations
  2 water elementals (Zig:16)
  A golden eye (shapeshifter) (Vaults:5)
  A wraith (Tar:7)
  A ynoxinul (Pan)
  A neqoxec (Pan)
  2 ice beasts
  A crocodile (Zig:17)
  2 wights
  4 mummies (Tomb:3)
  2 white imps (Depths:1)
57 creatures vanquished.

Vanquished Creatures (others)
  A lich (Tomb:2)
  3 eldritch tentacles
  A fire giant (Vaults:4)
  A fire dragon (Depths:2)
  13 death scarabs
  A sun demon (Pan)
  A frost giant zombie (Geh:7)
  A hellion (Geh:7)
  An ettin zombie (Tomb:2)
  9 flying skulls (Tomb:2)
  A hell hound (Zig:18)
  A snapping turtle zombie (Geh:7)
  A centaur (Depths:2)
  An elf zombie (Tomb:3)
  2 mummies (Tomb:1)
  869 fire vortices
  10 fungi
  17 plants
  3 starspawn tentacles
  A withered plant (Crypt:3)
938 creatures vanquished.

Grand Total: 4232 creatures vanquished

Notes
Turn   | Place    | Note
-------+----------+-------------------------------------------
     0 | D:1      | PurpleRed the Kobold Conjurer began the quest for the Orb.
     0 | D:1      | Reached XP level 1. HP: 10/10 MP: 3/3
   111 | D:1      | Reached XP level 2. HP: 15/15 MP: 5/5
   123 | D:2      | Noticed Jessica
   129 | D:1      | Learned a level 2 spell: Searing Ray
   283 | D:1      | Reached XP level 3. HP: 16/19 MP: 4/7
   335 | D:1      | Reached skill level 3 in Spellcasting
   446 | D:2      | Noticed Sigmund
   491 | D:2      | Reached XP level 4. HP: 23/24 MP: 6/8
   498 | D:2      | Learned a level 4 spell: Iskenderun's Mystic Blast
   742 | D:2      | Killed Jessica
   742 | D:2      | Reached skill level 5 in Conjurations
   742 | D:2      | Reached XP level 5. HP: 8/28 MP: 6/10
   780 | D:3      | Found a faded altar of an unknown god.
   829 | D:3      | Noticed PurpleRed's ghost (weakling KoCj)
   962 | D:4      | Reached skill level 4 in Spellcasting
  1106 | D:4      | Learned a level 5 spell: Iskenderun's Battlesphere
  1164 | D:5      | Entered Level 5 of the Dungeon
  1171 | D:5      | Reached XP level 6. HP: 32/32 MP: 6/12
  1172 | D:5      | Noticed a phantom
  1249 | D:5      | Killed a phantom
  1258 | D:5      | Found a snail-covered altar of Cheibriados.
  1269 | D:5      | Reached skill level 1 in Charms
  1318 | D:6      | Found Gozag's Platinum Reserve.
  1320 | D:6      | Found an opulent altar of Gozag.
  1377 | D:5      | Found a sacrificial altar of Ru.
  1379 | D:5      | Found a basalt altar of Yredelemnul.
  1464 | D:6      | Noticed an ogre
  1476 | D:6      | Killed an ogre
  1476 | D:6      | Reached XP level 7. HP: 36/36 MP: 9/14
  1514 | D:5      | Reached skill level 5 in Spellcasting
  1582 | D:5      | Noticed Grinder
  1640 | D:5      | Paralysed by Grinder for 5 turns
  1652 | D:5      | Killed Grinder
  1652 | D:5      | Reached XP level 8. HP: 41/41 MP: 8/16
  1857 | D:4      | Noticed Edmund
  1858 | D:4      | Found a shattered altar of Ashenzari.
  1870 | D:4      | Killed Edmund
  1993 | D:4      | Found Cug Xenoy's Armour Emporium.
  2166 | D:5      | Reached skill level 6 in Spellcasting
  2469 | D:6      | Found a staircase to the Ecumenical Temple.
  2477 | Temple   | Entered the Ecumenical Temple
  2518 | Temple   | Became a worshipper of Vehumet
  2602 | D:6      | Noticed Menkaure
  2637 | D:6      | Found a basalt altar of Yredelemnul.
  2823 | D:6      | Found a shadowy altar of Dithmenos.
  2827 | D:6      | Reached XP level 9. HP: 45/45 MP: 18/18
  3082 | D:8      | Noticed Erica
  3102 | D:7      | Found a burning altar of Makhleb.
  3181 | D:7      | Got a smoking rapier
  3205 | D:7      | Identified the +4 rapier "Beetleslayer" {pierce, Str+6 Int-2 Stlth+} (You found it on level 7 of the Dungeon)
  3309 | D:8      | Reached skill level 7 in Spellcasting
  3347 | D:8      | Reached * piety under Vehumet
  3347 | D:8      | Offered knowledge of Freeze by Vehumet.
  3739 | D:4      | Bought the +1 leather armour "Lipru" {Regen+ Int+9 Dex-4} for 294 gold pieces
  3825 | D:7      | Reached skill level 10 in Conjurations
  3909 | D:10     | Entered Level 10 of the Dungeon
  3915 | D:10     | Reached XP level 10. HP: 47/50 MP: 11/21
  3985 | D:9      | Reached skill level 8 in Spellcasting
  4010 | D:9      | Found a stormy altar of Qazlal.
  4192 | D:9      | Reached skill level 5 in Charms
  4239 | D:9      | Found a staircase to the Lair.
  4249 | D:9      | Reached ** piety under Vehumet
  4249 | D:9      | Offered knowledge of Throw Flame by Vehumet.
  4253 | D:9      | Learned a level 2 spell: Throw Flame
  4268 | D:9      | Reached skill level 1 in Fire Magic
  4472 | D:9      | Found Dacse's Book Shoppe.
  4571 | D:10     | Noticed Harold
  4626 | D:10     | Killed Harold
  4736 | D:10     | Reached skill level 9 in Spellcasting
  4736 | D:10     | Reached XP level 11. HP: 54/54 MP: 6/24
  4784 | D:10     | Noticed Erolcha
  4818 | D:10     | Found Pueh's Demolitions Depot.
  4902 | D:10     | Killed Erolcha
  5218 | D:10     | Noticed a three-headed hydra
  5220 | D:10     | Offered knowledge of Ignite Poison by Vehumet.
  5223 | D:10     | Killed a three-headed hydra
  5444 | D:11     | Reached skill level 5 in Fire Magic
  5502 | D:11     | Reached *** piety under Vehumet
  5617 | D:11     | Got a tattered robe
  5722 | D:11     | Offered knowledge of Conjure Flame by Vehumet.
  5722 | D:11     | Reached skill level 10 in Spellcasting
  5819 | D:12     | Reached XP level 12. HP: 59/59 MP: 8/26
  5891 | D:12     | Noticed Josephine
  6022 | D:12     | Identified the +1 robe of the Blacksmith {*Slow rPois MR+} (You found it on level 11 of the Dungeon)
  6094 | D:12     | Noticed DemiseSR's ghost (journeyman MiBe)
  6195 | Lair:1   | Entered Level 1 of the Lair of Beasts
  6325 | Lair:2   | Reached **** piety under Vehumet
  6348 | Lair:1   | Noticed an eight-headed hydra
  6383 | Lair:2   | Found a staircase to the Swamp.
  6386 | Lair:2   | Offered knowledge of Olgreb's Toxic Radiance by Vehumet.
  6538 | Lair:3   | Learned a level 3 spell: Regeneration
  6670 | Lair:3   | Learned a level 5 spell: Fireball
  6894 | Lair:3   | Noticed Gastronok
  6901 | Lair:3   | Killed Gastronok
  7168 | Lair:4   | Reached skill level 11 in Spellcasting
  7232 | Lair:4   | Reached XP level 13. HP: 56/63 MP: 11/28
  7273 | Lair:4   | Noticed an eight-headed hydra
  7277 | Lair:4   | Killed an eight-headed hydra
  7306 | Lair:4   | Noticed a catoblepas
  7323 | Lair:4   | Noticed a seven-headed hydra
  7328 | Lair:4   | Reached skill level 1 in Fighting
  7329 | Lair:4   | Killed a catoblepas
  7331 | Lair:4   | Killed a seven-headed hydra
  7482 | Lair:5   | Reached ***** piety under Vehumet
  7577 | Lair:5   | Offered knowledge of Sticky Flame by Vehumet.
  7720 | Lair:5   | Reached skill level 15 in Conjurations
  7842 | Lair:6   | Entered Level 6 of the Lair of Beasts
  7856 | Lair:5   | Learned a level 1 spell: Apportation
  8207 | Lair:6   | Found a staircase to the Slime Pits.
  8238 | Lair:6   | Noticed a four-headed hydra
  8244 | Lair:6   | Killed a four-headed hydra
  8320 | Lair:6   | Reached skill level 5 in Fighting
  8350 | Lair:6   | Reached skill level 12 in Spellcasting
  8372 | Lair:6   | Reached XP level 14. HP: 66/78 MP: 8/30
  8886 | Lair:2   | Found a hole to the Spider Nest.
  9036 | D:9      | Bought a book of Minor Magic for 240 gold pieces
  9039 | D:9      | Learned a level 2 spell: Repel Missiles
  9042 | D:9      | Learned a level 2 spell: Blink
  9176 | D:12     | Reached skill level 5 in Dodging
  9178 | D:12     | Killed Josephine
  9409 | D:12     | Found a staircase to the Orcish Mines.
  9449 | D:12     | Reached skill level 10 in Fire Magic
  9529 | D:13     | Found a burning altar of Makhleb.
  9668 | D:14     | Found a gate to the Vaults.
  9668 | D:14     | Noticed Urug
  9668 | D:14     | Noticed Nessos
  9733 | Orc:1    | Entered Level 1 of the Orcish Mines
  9758 | Orc:1    | Offered knowledge of Delayed Fireball by Vehumet.
  9781 | Orc:1    | Learned a level 7 spell: Delayed Fireball
  9995 | Orc:2    | Entered Level 2 of the Orcish Mines
 10043 | Orc:2    | Found a staircase to the Elven Halls.
 10283 | Orc:2    | Noticed Sonja
 10285 | Orc:2    | Killed Sonja
 10308 | Orc:2    | Found a bloodstained altar of Trog.
 10398 | Orc:2    | Reached XP level 15. HP: 82/82 MP: 14/31
 10440 | Orc:2    | Reached skill level 13 in Spellcasting
 10486 | Orc:2    | Reached ****** piety under Vehumet
 10489 | Orc:2    | Found Xuruzess's Book Shoppe.
 10489 | Orc:2    | Found Ohacihim's Armour Boutique.
 10490 | Orc:2    | Found Niygugakh's Jewellery Boutique.
 10490 | Orc:2    | Found Cuiqi's Food Emporium.
 10502 | Orc:2    | Bought an uncursed ring of magical power for 220 gold pieces
 10728 | D:4      | Bought a +0 pair of boots for 54 gold pieces
 10728 | D:4      | Bought the +0 pair of gloves of Ru's Approval {rN++ Str-5 Int+3 Dex+4} for 314 gold pieces
 10821 | D:8      | Killed Erica
 10844 | D:8      | Offered knowledge of Orb of Destruction by Vehumet.
 10982 | Elf:1    | Entered Level 1 of the Elven Halls
 11159 | Elf:3    | Entered Level 3 of the Elven Halls
 11160 | Elf:3    | Noticed a deep elf sorcerer
 11163 | Elf:3    | Killed a deep elf sorcerer
 11203 | Elf:2    | Noticed a deep elf sorcerer
 11209 | Elf:2    | Killed a deep elf sorcerer
 11542 | Elf:2    | Noticed Asterion
 11606 | Elf:3    | Noticed a deep elf master archer
 11608 | Elf:3    | Killed a deep elf master archer
 11628 | Elf:3    | Noticed a deep elf sorcerer
 11636 | Elf:3    | Killed a deep elf sorcerer
 11682 | Elf:3    | Reached XP level 16. HP: 87/87 MP: 26/33
 11728 | Elf:3    | Noticed a deep elf blademaster
 11730 | Elf:3    | Killed a deep elf blademaster
 11735 | Elf:3    | Noticed a deep elf sorcerer
 11740 | Elf:3    | Reached skill level 14 in Spellcasting
 11747 | Elf:3    | Killed a deep elf sorcerer
 11750 | Elf:3    | Noticed a deep elf sorcerer
 11751 | Elf:3    | Killed a deep elf sorcerer
 11752 | Elf:3    | Noticed a deep elf sorcerer
 11874 | Elf:3    | Killed a deep elf sorcerer
 12098 | Elf:3    | Noticed a deep elf sorcerer
 12099 | Elf:3    | Killed a deep elf sorcerer
 12138 | Elf:3    | Identified a +2 rod of inaccuracy (13/13) (You took it off a deep elf elementalist on level 3 of the Elven Halls)
 12559 | D:10     | Bought a scroll of immolation for 35 gold pieces
 12559 | D:10     | Bought a book of Power for 450 gold pieces
 12632 | Lair:1   | Learned a level 6 spell: Iron Shot
 12674 | Swamp:1  | Entered Level 1 of the Swamp
 12753 | Swamp:1  | Reached skill level 1 in Evocations
 12762 | Swamp:1  | Offered knowledge of Poison Arrow by Vehumet.
 12919 | Swamp:2  | Noticed a thorn hunter
 12964 | Swamp:3  | Reached XP level 17. HP: 92/92 MP: 18/35
 13018 | Swamp:4  | Entered Level 4 of the Swamp
 13021 | Swamp:4  | Noticed a thorn hunter
 13022 | Swamp:4  | Killed a thorn hunter
 13022 | Swamp:4  | Reached skill level 15 in Spellcasting
 13034 | Swamp:4  | Noticed a thorn hunter
 13036 | Swamp:4  | Killed a thorn hunter
 13307 | Swamp:4  | Reached skill level 5 in Evocations
 13317 | Swamp:4  | Noticed a thorn hunter
 13319 | Swamp:4  | Killed a thorn hunter
 13391 | Swamp:4  | Got a decaying rune of Zot
 13529 | Spider:1 | Entered Level 1 of the Spider Nest
 13546 | Spider:1 | Noticed DemiseSR's ghost (adept MiBe)
 13562 | Spider:1 | Killed DemiseSR's ghost
 13562 | Spider:1 | Offered knowledge of Conjure Ball Lightning by Vehumet.
 13899 | Spider:2 | Reached XP level 18. HP: 96/96 MP: 30/37
 14107 | Spider:4 | Entered Level 4 of the Spider Nest
 14409 | Spider:4 | Reached skill level 16 in Spellcasting
 14470 | Spider:4 | Offered knowledge of Bolt of Fire by Vehumet.
 14512 | Spider:4 | Reached skill level 15 in Fire Magic
 14574 | Spider:4 | Got a gossamer rune of Zot
 14692 | Spider:4 | Learned a level 6 spell: Bolt of Fire
 14955 | Slime:1  | Entered Level 1 of the Pits of Slime
 14955 | Slime:1  | Noticed an acid blob
 14958 | Slime:1  | Noticed an acid blob
 14959 | Slime:1  | Killed an acid blob
 14962 | Slime:1  | Killed an acid blob
 14965 | Slime:1  | Noticed an acid blob
 14967 | Slime:1  | Killed an acid blob
 15067 | Slime:2  | Noticed an acid blob
 15067 | Slime:2  | Noticed an acid blob
 15067 | Slime:2  | Noticed an acid blob
 15067 | Slime:2  | Noticed an acid blob
 15117 | Slime:1  | Noticed an acid blob
 15121 | Slime:1  | Killed an acid blob
 15131 | Slime:2  | Noticed an acid blob
 15136 | Slime:2  | Killed an acid blob
 15196 | Slime:3  | Noticed an acid blob
 15201 | Slime:3  | Reached XP level 19. HP: 87/101 MP: 29/39
 15333 | Slime:5  | Entered Level 5 of the Pits of Slime
 15447 | Slime:5  | Noticed the Royal Jelly
 15456 | Slime:5  | Killed the Royal Jelly
 15622 | Slime:5  | Identified the Papyrus of Creative Execration
 15630 | Slime:5  | Offered knowledge of Bolt of Cold by Vehumet.
 15707 | Slime:5  | Got a slimy rune of Zot
 15758 | Slime:5  | Learned a level 2 spell: Sublimation of Blood
 15777 | Slime:5  | Got a bloodstained lajatang
 15778 | Slime:5  | Identified the amulet "Yrgherin" {Reflect MR+ SH+3} (You found it on level 5 of the Pits of Slime)
 15904 | Lair:1   | Identified the +3 lajatang "Quong" {protect, rPois MR- Int+4} (You found it on level 5 of the Pits of Slime)
 16054 | D:14     | Killed Nessos
 16086 | D:14     | Reached skill level 1 in Necromancy
 16160 | D:14     | Killed Urug
 16193 | D:15     | Entered Level 15 of the Dungeon
 16332 | D:15     | Found a staircase to the Depths.
 16432 | Vaults:1 | Entered Level 1 of the Vaults
 16483 | Vaults:1 | Reached skill level 17 in Spellcasting
 16483 | Vaults:1 | Reached XP level 20. HP: 106/106 MP: 41/41
 16619 | Vaults:1 | Identified the +2 leather armour of Melancholy {rN++} (You found it on level 1 of the Vaults)
 16768 | Vaults:1 | Found Weommyge's Jewellery Boutique.
 16831 | Vaults:2 | Offered knowledge of Lehudib's Crystal Spear by Vehumet.
 16831 | Vaults:2 | Offered knowledge of Fire Storm by Vehumet.
 16831 | Vaults:2 | Offered knowledge of Glaciate by Vehumet.
 16851 | Vaults:2 | Learned a level 9 spell: Fire Storm
 16948 | Vaults:3 | Found Uvoerres's Antique Weapon Shoppe.
 17579 | Vaults:3 | Got a warped leather armour
 17591 | Vaults:3 | Identified the +0 leather armour of Fung {rC+ MR+} (You found it on level 3 of the Vaults)
 17731 | Vaults:2 | Found a staircase to the Crypt.
 17737 | Vaults:2 | Reached skill level 5 in Necromancy
 18020 | Vaults:4 | Reached XP level 21. HP: 67/110 MP: 35/42
 18123 | Vaults:4 | Learned a level 5 spell: Lee's Rapid Deconstruction
 18127 | Vaults:5 | Entered Level 5 of the Vaults
 18127 | Vaults:5 | Noticed a lich
 18155 | Vaults:5 | Killed a lich
 18192 | Vaults:5 | Reached skill level 18 in Spellcasting
 18368 | Vaults:5 | Identified the Papyrus of Protection
 18416 | Vaults:5 | Reached XP level 22. HP: 116/116 MP: 44/44
 18559 | Vaults:5 | Identified the Reference Book on Slavery
 18565 | Vaults:5 | Identified the amulet "Jesiev" {Inacc MP+9 Stlth+} (You found it on level 5 of the Vaults)
 18571 | Vaults:5 | Got a clouded golden ring
 18573 | Vaults:5 | Identified the ring of Fonn {Str+6 Slay+5} (You took it off a fire giant on level 5 of the Vaults)
 18579 | Vaults:5 | Got a silver rune of Zot
 18899 | Vaults:5 | Got a bound steel ring
 18942 | Vaults:5 | Identified the ring "Hudihuosch" {rPois rC+} (You found it on level 5 of the Vaults)
 18965 | Vaults:4 | Noticed Mennas
 19115 | Crypt:1  | Entered Level 1 of the Crypt
 19127 | Crypt:1  | Reached skill level 1 in Earth Magic
 19313 | Crypt:1  | Reached skill level 5 in Earth Magic
 19603 | Crypt:2  | Reached skill level 19 in Spellcasting
 19658 | Crypt:3  | Entered Level 3 of the Crypt
 19675 | Crypt:3  | Reached XP level 23. HP: 120/120 MP: 44/46
 19818 | Crypt:3  | Noticed a profane servitor
 19821 | Crypt:3  | Killed a profane servitor
 19870 | Crypt:3  | Identified Khufu's Tome of Necromancy
 19874 | Crypt:3  | Got a coiled brass ring
 19876 | Crypt:3  | Identified the ring "Zuyskig" {rC+ rN+} (You found it on level 3 of the Crypt)
 19878 | Crypt:3  | Got a pitted marble ring
 19880 | Crypt:3  | Identified the ring "Daiwk" {Fire Dex+5} (You found it on level 3 of the Crypt)
 19882 | Crypt:3  | Got a scorched iron ring
 19884 | Crypt:3  | Identified the ring of Foolhardiness {rF+ rN+} (You found it on level 3 of the Crypt)
 20042 | Crypt:3  | Found a staircase to the Tomb.
 20059 | Tomb:1   | Entered Level 1 of the Tomb of the Ancients
 20300 | Tomb:1   | Noticed a greater mummy
 20309 | Tomb:1   | Killed a greater mummy
 20313 | Tomb:1   | Noticed a greater mummy
 20317 | Tomb:1   | Killed a greater mummy
 20317 | Tomb:1   | Reached skill level 20 in Spellcasting
 20326 | Tomb:1   | Noticed a greater mummy
 20364 | Tomb:1   | Noticed a greater mummy
 20365 | Tomb:1   | Noticed a greater mummy
 20419 | Tomb:1   | Killed a greater mummy
 20419 | Tomb:1   | Lost strength.
 20454 | Tomb:1   | Killed a greater mummy
 20459 | Tomb:1   | Killed a greater mummy
 20516 | Tomb:1   | Noticed a greater mummy
 20521 | Tomb:1   | Killed a greater mummy
 20523 | Tomb:1   | Noticed a greater mummy
 20524 | Tomb:1   | Killed a greater mummy
 20539 | Tomb:1   | Noticed a greater mummy
 20543 | Tomb:1   | Noticed a greater mummy
 20543 | Tomb:1   | Killed a greater mummy
 20543 | Tomb:1   | Reached XP level 24. HP: 105/124 MP: 8/47
 20543 | Tomb:1   | Killed a greater mummy
 20547 | Tomb:1   | Noticed a greater mummy
 20549 | Tomb:1   | Killed a greater mummy
 20582 | Tomb:1   | Noticed a greater mummy
 20590 | Tomb:1   | Killed a greater mummy
 20668 | Tomb:1   | Noticed a greater mummy
 20674 | Tomb:1   | Killed a greater mummy
 20695 | Tomb:1   | Noticed a greater mummy
 20697 | Tomb:1   | Killed a greater mummy
 20697 | Tomb:1   | Reached skill level 10 in Dodging
 20732 | Tomb:1   | Noticed a greater mummy
 20735 | Tomb:1   | Killed a greater mummy
 20748 | Tomb:1   | Noticed a greater mummy
 20750 | Tomb:1   | Killed a greater mummy
 20784 | Tomb:1   | Noticed a greater mummy
 20787 | Tomb:1   | Killed a greater mummy
 20813 | Tomb:1   | Noticed a greater mummy
 20815 | Tomb:1   | Killed a greater mummy
 20822 | Tomb:1   | Noticed a greater mummy
 20863 | Tomb:1   | Killed a greater mummy
 20863 | Tomb:1   | Reached skill level 21 in Spellcasting
 20864 | Tomb:1   | Noticed a greater mummy
 20864 | Tomb:1   | Killed a greater mummy
 20868 | Tomb:1   | Noticed a greater mummy
 20869 | Tomb:1   | Killed a greater mummy
 21063 | Tomb:3   | Entered Level 3 of the Tomb of the Ancients
 21074 | Tomb:3   | Noticed a greater mummy
 21126 | Tomb:3   | Noticed a greater mummy
 21128 | Tomb:3   | Killed a greater mummy
 21129 | Tomb:3   | Killed a greater mummy
 21179 | Tomb:3   | Noticed a greater mummy
 21182 | Tomb:3   | Killed a greater mummy
 21182 | Tomb:3   | Reached XP level 25. HP: 88/128 MP: 27/48
 21183 | Tomb:3   | Noticed a greater mummy
 21184 | Tomb:3   | Killed a greater mummy
 21324 | Tomb:3   | Lost strength.
 21347 | Tomb:3   | Noticed a greater mummy
 21349 | Tomb:3   | Killed a greater mummy
 21352 | Tomb:3   | Got a coiled jade ring
 21353 | Tomb:3   | Identified the cursed ring "Yxkiushu" {rC+ AC-2} (You found it on level 3 of the Tomb of the Ancients)
 21381 | Tomb:3   | Identified the cursed +0 leather armour of Hadjma {*Slow rF- Dex+4 Slay+5} (You found it on level 3 of the Tomb of the Ancients)
 21450 | Tomb:3   | Noticed a greater mummy
 21451 | Tomb:3   | Killed a greater mummy
 21478 | Tomb:3   | Gained mutation: You regenerate slowly when monsters are visible. [mutagenic glow]
 21563 | Tomb:3   | Reached skill level 10 in Necromancy
 21568 | Tomb:3   | Reached skill level 22 in Spellcasting
 21570 | Tomb:3   | Noticed a greater mummy
 21571 | Tomb:3   | Killed a greater mummy
 21597 | Tomb:3   | Noticed a greater mummy
 21599 | Tomb:3   | Killed a greater mummy
 21663 | Tomb:3   | Noticed a greater mummy
 21665 | Tomb:3   | Killed a greater mummy
 21665 | Tomb:3   | Lost strength.
 21718 | Tomb:3   | Got a golden rune of Zot
 22333 | Vaults:1 | Learned a level 7 spell: Ring of Flames
 22337 | Zig:1    | Entered Level 1 of a ziggurat
 22347 | Zig:2    | Entered Level 2 of a ziggurat
 22365 | Zig:3    | Entered Level 3 of a ziggurat
 22385 | Zig:4    | Entered Level 4 of a ziggurat
 22395 | Zig:4    | Identified the Volume of Nocuous Black Rites
 22405 | Zig:5    | Entered Level 5 of a ziggurat
 22419 | Zig:5    | Got a translucent tin ring
 22421 | Zig:5    | Identified the ring of the Three Beggars {rPois Slay+3} (You found it on level 5 of a ziggurat)
 22426 | Zig:6    | Entered Level 6 of a ziggurat
 22457 | Zig:6    | Identified the +1 robe of the Game Afoot {*Contam rElec Str+6 Dex+4} (You found it on level 6 of a ziggurat)
 22459 | Zig:7    | Entered Level 7 of a ziggurat
 22463 | Zig:7    | Reached XP level 26. HP: 131/131 MP: 49/49
 22481 | Zig:7    | Identified the amulet of Dishonour {Spirit Dex+4} (You found it on level 7 of a ziggurat)
 22488 | Zig:8    | Entered Level 8 of a ziggurat
 22497 | Zig:8    | Reached skill level 23 in Spellcasting
 22523 | Zig:8    | Got a twisted dagger
 22524 | Zig:8    | Identified the +7 dagger "Lag Qustruvi" {freeze, +Fly MR+ Dex-3 Stlth+} (You found it on level 8 of a ziggurat)
 22528 | Zig:9    | Entered Level 9 of a ziggurat
 22536 | Zig:9    | Noticed Ukyus the pandemonium lord
 22537 | Zig:9    | Noticed a Killer Klown
 22537 | Zig:9    | Reached XP level 27. HP: 136/136 MP: 46/50
 22539 | Zig:9    | Noticed Boomuedo the pandemonium lord
 22540 | Zig:9    | Killed Boomuedo the pandemonium lord
 22540 | Zig:9    | Killed Ukyus the pandemonium lord
 22580 | Zig:10   | Entered Level 10 of a ziggurat
 22588 | Zig:10   | Reached skill level 15 in Dodging
 22631 | Zig:11   | Entered Level 11 of a ziggurat
 22640 | Zig:11   | Noticed Goeceof the pandemonium lord
 22642 | Zig:11   | Noticed Kuecriz the pandemonium lord
 22643 | Zig:11   | Killed Kuecriz the pandemonium lord
 22649 | Zig:11   | Killed Goeceof the pandemonium lord
 22652 | Zig:11   | Reached skill level 24 in Spellcasting
 22679 | Zig:12   | Entered Level 12 of a ziggurat
 22713 | Zig:12   | Identified the Guide on Boosts and Transmutation
 22715 | Zig:12   | Identified the +3 leather armour "Huiplod" {rPois} (You found it on level 12 of a ziggurat)
 22729 | Zig:13   | Entered Level 13 of a ziggurat
 22740 | Zig:13   | Noticed an ancient lich
 22743 | Zig:13   | Killed an ancient lich
 22767 | Zig:13   | Learned a level 8 spell: Controlled Blink
 22769 | Zig:13   | Identified Laust's Disquisition on Stolen Souls and the Rocks
 22774 | Zig:13   | Lost mutation: You regenerate slowly when monsters are visible. [potion of cure mutation]
 22775 | Zig:13   | Gained mutation: You are agile. (Dex +2) [potion of beneficial mutation]
 22777 | Zig:14   | Entered Level 14 of a ziggurat
 22790 | Zig:14   | Reached skill level 25 in Spellcasting
 22790 | Zig:14   | Reached skill level 1 in Translocations
 22819 | Zig:14   | Identified the amulet of Incredulity {Dismiss Fragile rN+ MR+ Stlth+} (You found it on level 14 of a ziggurat)
 22821 | Zig:14   | Got a clouded lead ring
 22823 | Zig:14   | Identified the ring "Wase" {rPois rC+ Dex+4 Slay+3} (You found it on level 14 of a ziggurat)
 22826 | Zig:14   | Got a slimy steel ring
 22827 | Zig:14   | Identified the ring "Qiguuf" {rPois Dex+3} (You found it on level 14 of a ziggurat)
 22830 | Zig:14   | Identified the +3 leather armour of the Duchess {rElec rN+} (You found it on level 14 of a ziggurat)
 22834 | Zig:15   | Entered Level 15 of a ziggurat
 22844 | Zig:15   | Reached skill level 5 in Translocations
 22869 | Zig:15   | Identified Qiott's Reference Book on the Rocks
 22879 | Zig:15   | Learned a level 4 spell: Passage of Golubria
 22882 | Zig:15   | Identified the +3 leather armour of Giqat {Str+5} (You found it on level 15 of a ziggurat)
 22898 | Zig:16   | Entered Level 16 of a ziggurat
 22925 | Zig:16   | Identified a scroll of acquirement
 22937 | Zig:16   | Identified the Disquisition on Earthen Creation
 22942 | Zig:16   | Got a shimmering hat
 22953 | Zig:16   | Identified the +0 hat "Soint" {SInv} (You acquired it on level 16 of a ziggurat)
 22965 | Zig:17   | Entered Level 17 of a ziggurat
 22981 | Zig:17   | Reached skill level 10 in Translocations
 23004 | Zig:17   | Identified the Tome of Noxious Feathers
 23017 | Zig:17   | Identified the +2 buckler "Bexzimm" {*Drain rPois MR+ Dex+4} (You found it on level 17 of a ziggurat)
 23022 | Zig:18   | Entered Level 18 of a ziggurat
 23048 | Zig:18   | Reached skill level 15 in Translocations
 23078 | Zig:18   | Identified the amulet "Casm" {rC+ Regen+ Int+4} (You found it on level 18 of a ziggurat)
 23087 | Zig:18   | Got a slimy dagger
 23088 | Zig:18   | Identified the +1 dagger of Peril {pierce, rN+ Str+5} (You found it on level 18 of a ziggurat)
 23093 | Zig:19   | Entered Level 19 of a ziggurat
 23103 | Zig:19   | Noticed a shard shrike
 23104 | Zig:19   | Noticed a shard shrike
 23104 | Zig:19   | Noticed a shard shrike
 23104 | Zig:19   | Killed a shard shrike
 23104 | Zig:19   | Killed a shard shrike
 23105 | Zig:19   | Killed a shard shrike
 23106 | Zig:19   | Noticed a shard shrike
 23107 | Zig:19   | Noticed a shard shrike
 23107 | Zig:19   | Killed a shard shrike
 23108 | Zig:19   | Noticed a shard shrike
 23109 | Zig:19   | Killed a shard shrike
 23110 | Zig:19   | Killed a shard shrike
 23117 | Zig:19   | Noticed a shard shrike
 23117 | Zig:19   | Killed a shard shrike
 23146 | Zig:19   | Got a brightly glowing copper ring
 23148 | Zig:19   | Identified the ring "Zeqe" {Str+6 Dex+5 Slay-6 SInv} (You found it on level 19 of a ziggurat)
 23150 | Zig:19   | Got a scorched silver ring
 23152 | Zig:19   | Identified the ring "Diyth" {rElec rPois MR+ Str+2 Int+5} (You found it on level 19 of a ziggurat)
 23160 | Zig:20   | Entered Level 20 of a ziggurat
 23172 | Zig:20   | Noticed a juggernaut
 23175 | Zig:20   | Killed a juggernaut
 23175 | Zig:20   | Noticed a juggernaut
 23177 | Zig:20   | Noticed a juggernaut
 23177 | Zig:20   | Noticed a juggernaut
 23178 | Zig:20   | Killed a juggernaut
 23179 | Zig:20   | Noticed a juggernaut
 23179 | Zig:20   | Killed a juggernaut
 23181 | Zig:20   | Killed a juggernaut
 23181 | Zig:20   | Killed a juggernaut
 23182 | Zig:20   | Killed a juggernaut
 23191 | Zig:20   | Reached skill level 10 in Earth Magic
 23218 | Zig:20   | Identified Afoucomi's Guide on Virous Beguiling
 23226 | Zig:20   | Identified the +2 robe "Gesaxabrur" {*Drain rF+ Dex+2} (You found it on level 20 of a ziggurat)
 23299 | Depths:1 | Entered Level 1 of the Depths
 23306 | Depths:1 | Found a one-way gate to the infinite horrors of the Abyss.
 23377 | Depths:1 | Found a gateway to Hell.
 23443 | Depths:2 | Found a flickering gateway to a bazaar.
 23447 | Bazaar   | Entered a bazaar
 23457 | Bazaar   | Found Botan's Distillery.
 23457 | Bazaar   | Found Uxza Iro's Antique Weapon Emporium.
 23463 | Bazaar   | Bought a potion of magic for 152 gold pieces
 23463 | Bazaar   | Bought a potion of heal wounds for 95 gold pieces
 23463 | Bazaar   | Bought a potion of curing for 57 gold pieces
 23463 | Bazaar   | Bought a potion of brilliance for 76 gold pieces
 23463 | Bazaar   | Bought a potion of curing for 57 gold pieces
 23463 | Bazaar   | Bought a potion of curing for 57 gold pieces
 23472 | Bazaar   | Found Rox Qife's Gadget Shoppe.
 23487 | Bazaar   | Found Tuvvekhy's Magic Scroll Shoppe.
 23487 | Bazaar   | Found Lezutao's Armour Emporium.
 23491 | Bazaar   | Bought a scroll of blinking for 90 gold pieces
 23491 | Bazaar   | Bought a scroll of magic mapping for 42 gold pieces
 23491 | Bazaar   | Bought a scroll of teleportation for 36 gold pieces
 23491 | Bazaar   | Bought a scroll of amnesia for 42 gold pieces
 23502 | Bazaar   | Learned a level 9 spell: Shatter
 23646 | Depths:3 | Found a one-way gate leading to the halls of Pandemonium.
 23683 | Pan      | Entered Pandemonium
 23749 | Pan      | Found an exit through the horrors of the Abyss.
 23775 | Pan      | Entered the realm of Lom Lobon.
 23810 | Pan      | Upgraded the game from 0.19-a0-1886-gd64a0f0 to 0.19-a0-1889-g9c603be
 23878 | Pan      | Got a magical rune of Zot
 23880 | Pan      | Noticed Lom Lobon
 23885 | Pan      | Killed Lom Lobon
 23938 | Pan      | Reached skill level 26 in Spellcasting
 24053 | Pan      | Noticed Woughuz the pandemonium lord
 24054 | Pan      | Killed Woughuz the pandemonium lord
 24200 | Pan      | Found an exit through the horrors of the Abyss.
 24219 | Pan      | Noticed Ischaety the pandemonium lord
 24229 | Pan      | Reached skill level 15 in Earth Magic
 24459 | Pan      | Noticed Byiwuomn the pandemonium lord
 24463 | Pan      | Killed Byiwuomn the pandemonium lord
 24574 | Pan      | Found an exit through the horrors of the Abyss.
 24625 | Pan      | Found an exit through the horrors of the Abyss.
 24764 | Pan      | Found a runed door.
 24776 | Pan      | Noticed Cakaotump the pandemonium lord
 24781 | Pan      | Killed Cakaotump the pandemonium lord
 24812 | Pan      | Entered the realm of Gloorx Vloq.
 24837 | Pan      | Noticed Gloorx Vloq
 24841 | Pan      | Killed Gloorx Vloq
 24888 | Pan      | Got a dark rune of Zot
 24899 | Pan      | Identified the +0 leather armour of Muttered Phrases {Dex+4} (You found it in Pandemonium)
 24906 | Pan      | Entered the realm of Cerebov.
 24917 | Pan      | Learned a level 8 spell: Borgnjor's Revivification
 25130 | Pan      | Noticed Cerebov
 25164 | Pan      | Killed Cerebov
 25291 | Pan      | Got a fiery rune of Zot
 25345 | Pan      | Found an exit through the horrors of the Abyss.
 25392 | Pan      | Noticed Copsesch the pandemonium lord
 25394 | Pan      | Killed Copsesch the pandemonium lord
 25426 | Pan      | Entered the realm of Mnoleg.
 25441 | Pan      | Found an exit through the horrors of the Abyss.
 25486 | Pan      | Reached skill level 15 in Necromancy
 25565 | Pan      | Noticed Mnoleg
 25585 | Pan      | Killed Mnoleg
 25636 | Pan      | Got a glowing rune of Zot
 25638 | Pan      | Identified the +1 leather armour "Gaemuav" {-Tele rC+ rN+ Regen+} (You found it in Pandemonium)
 25654 | Pan      | Found an exit through the horrors of the Abyss.
 25755 | Pan      | Noticed Wuedoxiff the pandemonium lord
 25757 | Pan      | Killed Wuedoxiff the pandemonium lord
 25760 | Pan      | Got a demonic rune of Zot
 25771 | Pan      | Took an exit into the Abyss.
 25771 | Abyss:1  | Escaped into the Abyss
 25841 | Abyss:1  | Found a deep blue altar of Sif Muna.
 26358 | Abyss:3  | Noticed an ancient lich
 26360 | Abyss:3  | Killed an ancient lich
 26399 | Abyss:4  | Reached skill level 10 in Evocations
 26406 | Abyss:4  | Got an abyssal rune of Zot
 26418 | Depths:3 | Escaped the Abyss
 26421 | Depths:3 | Upgraded the game from 0.19-a0-1889-g9c603be to 0.19-a0-1891-ge1d1fe8
 26431 | Hell     | Entered the Vestibule of Hell
 26431 | Hell     | Noticed Geryon
 26434 | Hell     | Killed Geryon
 26435 | Hell     | Reached skill level 10 in Fighting
 26439 | Hell     | Noticed Murray
 26449 | Hell     | Killed Murray
 26468 | Hell     | Found a gateway to the decaying netherworld of Tartarus.
 26476 | Tar:1    | Entered Level 1 of Tartarus
 26608 | Tar:4    | Reached skill level 27 in Spellcasting
 26786 | Tar:7    | Entered Level 7 of Tartarus
 26826 | Tar:7    | Reached skill level 5 in Stealth
 26920 | Tar:7    | Got a bone rune of Zot
 26950 | Hell     | Found a gateway to the freezing wastes of Cocytus.
 26983 | Coc:1    | Entered Level 1 of Cocytus
 27119 | Coc:7    | Entered Level 7 of Cocytus
 27168 | Coc:7    | Reached skill level 15 in Fighting
 27168 | Coc:7    | Reached skill level 10 in Stealth
 27171 | Coc:7    | Noticed Antaeus
 27178 | Coc:7    | Killed Antaeus
 27203 | Coc:7    | Got an icy rune of Zot
 27264 | Hell     | Found a gateway to the Iron City of Dis.
 27271 | Dis:1    | Entered Level 1 of the Iron City of Dis
 27738 | Dis:7    | Entered Level 7 of the Iron City of Dis
 27893 | Dis:7    | Reached skill level 15 in Stealth
 27933 | Dis:7    | Got an iron rune of Zot
 27978 | Hell     | Found a gateway to the ashen valley of Gehenna.
 27995 | Geh:1    | Entered Level 1 of Gehenna
 28213 | Geh:7    | Entered Level 7 of Gehenna
 28462 | Geh:7    | Noticed Asmodeus
 28485 | Geh:7    | Got an obsidian rune of Zot
 28494 | Geh:7    | Killed from afar by Asmodeus

Vault maps used:
D:1:      dpeg_arrival_ratfight
D:2:      wad_crossroads, minmay_close_crescents, uniq_jessica, uniq_terence,
          uniq_sigmund
D:3:      ecumenical_altar_2, ashenzari_altar_1
D:4:      kennysheep_mini, old_standard_altar, serial_shops, shop, uniq_edmund
D:5:      slow_altar_1, chequers_temple_overflow_statue_of_worship, first_bread,
          uniq_grinder
D:6:      nicolae_overflow_hidden_temple, old_standard_altar, basic_altar,
          nicolae_gozag_zags_fifth_avenue, uniq_menkaure
D:7:      kennysheep_mini_moat, serial_shops, nicolae_shop_stone
D:8:      uniq_erica
D:9:      grunt_qazlal_clouds, minmay_lair_entry_lava, serial_shops, shop
D:10:     hangedman_ranch, grunt_decor_cap, nicolae_blasting_shop, uniq_erolcha,
          uniq_harold
D:12:     orc_0_dummy, portal_ice_cave_demonic_guard, uniq_josephine
D:13:     lemuel_tele_altar
D:14:     david_vaults_3, minmay_misc_feat_chi
D:15:     grunt_enter_depths_giant_problem, lemuel_flamethrower_3, uniq_kirke
Temple:   nicolae_temple_hex_pool
Lair:1:   cheibrodos_lair_lostbears, grunt_megastairs_4
Lair:2:   minmay_swamp_entry_reptiles, spider_nest_entry_rubble
Lair:3:   wad_woods_structure_01, grunt_forest_small_clearing_treed,
          lemuel_fruit_tree, uniq_gastronok
Lair:4:   grunt_megastairs_2
Lair:5:   minmay_guarded_unrand_snakebite, grunt_megastairs_3
Lair:6:   minmay_lair_end_frog_pond, nicolae_slime_entry_slimehenge,
          roderic_batcave
Swamp:1:  nicolae_swamp_trees_clearing, swamp_pool1, infiniplex_staircase_pool
Swamp:2:  nicolae_swamp_fairy_circle
Swamp:3:  evilmike_swamp_ruin_house_5
Swamp:4:  swamp, swamp_pool1
Spider:4: grunt_spider_rune_circles, hive_lemuel
Orc:2:    st_orc_ogre_mass, bloody_trog, uniq_nessos, uniq_sonja
Elf:1:    eino_elf_arrival_sip, hangedman_elf_disciples, uniq_aizul
Elf:2:    mu_enter_wizlab_7, uniq_asterion
Elf:3:    minmay_elf_hall_quartered_circle, serial_shops, nicolae_shop_crystal
Vaults:1: nicolae_vaults_statue_guard, nicolae_vaults_big_ls,
          nicolae_vaults_border_crossing, nicolae_vaults_theta, v_pattern_1,
          v_misc_18, hangedman_vaults_stream, ontoclasm_vaults_idyll, v_misc_19,
          ontoclasm_vaults_claustrophobia, nicolae_vaults_angled_halls,
          vaults_room_large_hall, v_misc_25, vaults_room_semicircle,
          dpeg_vaults_monster_row, serial_shops, nicolae_shop_behind_doors
Vaults:2: nicolae_vaults_triangles, minmay_crypt_entry_simple_sparse,
          grunt_vaults_bifocal, nicolae_vaults_little_squares_3,
          vaults_standard_mumra_lines, vaults_room_stairs_pillars,
          vaults_room_corners, hangedman_vaults_trim, nicolae_vaults_alarming
Vaults:3: v_misc_29, hangedman_vaults_unwind, nicolae_vaults_what_the_h, st_eye,
          vaults_room_mumra_shop_pool, hangedman_vaults_hat,
          nicolae_vaults_network_s, ontoclasm_vaults_fault, v_misc_14,
          v_misc_13, nicolae_vaults_little_squares_2, hangedman_vaults_trim,
          vaults_dpeg_ring, uniq_frederick
Vaults:4: nicolae_vaults_ninety_degrees, hangedman_vaults_variations,
          nicolae_vaults_quartermaster, nicolae_vaults_network_square,
          hangedman_vaults_stretched_pinwheel, vaults_dpeg_diagonal,
          hangedman_vaults_impose, nicolae_vaults_windows_and_doors_thing,
          ontoclasm_vaults_twist, uniq_jory, uniq_mennas
Crypt:1:  grunt_crypt_arrival_webbed
Crypt:2:  small_chamber_with_monster, minivault_4,
          nicolae_crypt_little_mausoleum
Crypt:3:  evilmike_haunted_forest
Depths:1: abandoned_shop, grunt_hell_entry_demonic_statue,
          abyss_entry_small_statue_room, kennysheep_boxes
Depths:2: hangedman_elemental_death_ray, minmay_misc_feat_x, serial_shops,
          bzr_in_the_mist, pf_hell_entry_tar_river, firewood_loft,
          minmay_staircase_statues_hall_small
Depths:3: grunt_forest_end_chambers, ziggurat_fallback, rand_demon_pan_entry_8,
          pf_vacation_house_of_asmodeus, minmay_staircase_bubble
Dis:1:    hangedman_player_shredder
Dis:3:    kennysheep_iron_temple, hangedman_mysterious_dungeon_monster_house
Dis:7:    dis_hangedman
Geh:2:    hangedman_gehenna_grave_pits
Geh:6:    nicolae_geh_fiery_graves, hangedman_elemental_corridor
Geh:7:    geh_grunt_pentagon
Coc:3:    lemuel_elevator
Coc:7:    coc_dpeg
Tar:6:    nicolae_tar_cuneiform_oil, lemuel_elevator
Tar:7:    tar_grunt_cathedral
Abyss:1:  hangedman_abyss_or_decor_stagger
Abyss:3:  hangedman_abyss_or_decor_lesser_grid
Abyss:4:  hangedman_abyss_or_decor_passed, minivault_27,
          nicolae_abyss_rune_star_stuff
Pan:      nicolae_pan_diamonds, lemuel_hall_of_pain, evilmike_mini_pan_thingy,
          rand_demon_3, evilmike_mini_pan_corner, pan_blood_fountain_small,
          lom_lobon, evilmike_mini_pan_other_thingy, lemuel_hellion_island,
          nicolae_pan_mnolegish_5, rand_demon_8, pan_blood_fountain_small,
          pan_blood_fountain_2, nicolae_pan_cerebovesque_1,
          evilmike_mini_pan_layers, nicolae_pan_mnolegish_2,
          nicolae_pan_sigil_obb, rand_demon_5, evilmike_mini_pan_doors,
          evilmike_mini_pan_branches, nicolae_pan_cerebovesque_2, rand_demon_9,
          pan_surprise, evilmike_gloorx_vloq_box, pan_blood_fountain_small,
          cerebov_grunt, rand_demon_9, nicolae_pan_lom_lobonic_1,
          evilmike_mini_pan_corridor, pan_blood_fountain_2,
          nicolae_pan_sigil_obb, nicolae_pan_lom_lobonic_1,
          reaverb_pan_chaos_star, mnoleg, pan_blood_fountain, special_room,
          grunt_pan_sceptre, pan_blood_fountain_2, special_room
Zig:7:    ziggurat_pillar_centre_smoke
Zig:8:    ziggurat_pillar_centre_oklobs
Zig:14:   ziggurat_pillar_centre_dead_trees
Zig:18:   ziggurat_pillar_centre_more_plants
Bazaar:   bazaar_short_row

Skill      XL: |  1  2  3  4  5  6  7  8  9 10 11 12 13 14 15 16 17 18 19 20 21 22 23 24 25 26 27 |
---------------+----------------------------------------------------------------------------------+-----
Spellcasting   | 3 4 5 6 7 9 10 11 12 13 14 15 16 17 18 19 20 21 22 23 27 | 27.0
Conjurations   | 5 6 7 8 10 11 13 14 15 16 17 18 19 20 21 | 21.6
Charms         | 1 2 3 4 5 |  5.0
Fire Magic     | 3 5 7 9 10 11 13 14 15 17 18 19 20 21 | 21.1
Fighting       | 5 18 | 18.7
Dodging        | 6 9 10 12 13 21 | 21.3
Evocations     | 2 7 10 | 10.0
Necromancy     | 2 5 6 9 10 17 | 17.0
Earth Magic    | 5 20 | 20.0
Translocations | 17 | 17.8
Stealth        | 18 | 18.1

Action                   |  1- 3 |  4- 6 |  7- 9 | 10-12 | 13-15 | 16-18 | 19-21 | 22-24 | 25-27 || total
-------------------------+-------+-------+-------+-------+-------+-------+-------+-------+-------++-------
Melee: Short sword       |    22 |    41 |    91 |    18 |     3 |       |       |       |       ||   175
       Rapier            |       |       |     8 |    78 |     4 |       |       |       |       ||    90
       Whip              |       |       |       |       |   107 |     1 |    24 |    28 |     2 ||   162
       Staff             |       |       |       |       |       |       |     2 |       |     5 ||     7
       Dagger            |       |       |       |       |       |       |       |       |     4 ||     4
 Cast: Magic Dart        |    19 |    25 |    41 |   129 |   251 |   172 |    17 |       |       ||   654
       Searing Ray       |     2 |    13 |    41 |    36 |    18 |     1 |     1 |       |       ||   112
       Iskenderun's Myst |       |       |     2 |    14 |     9 |       |       |       |       ||    25
       Iskenderun's Batt |       |       |     8 |    48 |    71 |    65 |    10 |       |       ||   202
       Fireball          |       |       |       |    12 |   129 |   260 |   173 |   113 |   211 ||   898
       Regeneration      |       |       |       |     1 |    11 |    14 |    33 |    63 |   147 ||   269
       Apportation       |       |       |       |       |     1 |    31 |    53 |    11 |   155 ||   251
       Blink             |       |       |       |       |     3 |     9 |     6 |     6 |    21 ||    45
       Delayed Fireball  |       |       |       |       |     1 |     2 |     1 |     1 |     1 ||     6
       Repel Missiles    |       |       |       |       |     1 |       |     1 |     2 |     3 ||     7
       Bolt of Fire      |       |       |       |       |       |    10 |    85 |    63 |    10 ||   168
       Sublimation of Bl |       |       |       |       |       |       |    36 |   135 |   519 ||   690
       Iron Shot         |       |       |       |       |       |       |    18 |    21 |   200 ||   239
       Fire Storm        |       |       |       |       |       |       |    12 |   104 |   555 ||   671
       Lee's Rapid Decon |       |       |       |       |       |       |       |    42 |    20 ||    62
       Ring of Flames    |       |       |       |       |       |       |       |       |    24 ||    24
       Passage of Golubr |       |       |       |       |       |       |       |       |   448 ||   448
       Shatter           |       |       |       |       |       |       |       |       |   291 ||   291
       Controlled Blink  |       |       |       |       |       |       |       |       |    23 ||    23
 Abil: Release Delayed F |       |       |       |       |       |     2 |     1 |       |     1 ||     4
Evoke: Wand              |       |       |     5 |     1 |     2 |       |       |     2 |     1 ||    11
       Staff of energy   |       |       |       |       |       |   143 |    99 |   132 |   229 ||   603
       Phial of floods   |       |       |       |       |       |     1 |     1 |       |       ||     2
       Phantom mirror    |       |       |       |       |       |     1 |       |       |       ||     1
       Figurine of a zig |       |       |       |       |       |       |       |       |     1 ||     1
       Rod               |       |       |       |       |       |       |       |       |     3 ||     3
  Use: Scroll            |       |     3 |     7 |     7 |    14 |     8 |    13 |    11 |    43 ||   106
       Potion            |       |       |       |       |       |     2 |     5 |     7 |    37 ||    51
 Stab: Sleeping          |     2 |     4 |     3 |     3 |       |       |       |       |       ||    12
       Distracted        |       |     1 |       |       |       |       |       |       |       ||     1
  Eat: Chunk             |     1 |     6 |    12 |    16 |    23 |    15 |    21 |    16 |     9 ||   119
       Royal jelly       |       |       |       |       |       |       |     2 |       |     3 ||     5
       Pizza             |       |       |       |       |       |       |     1 |    12 |     3 ||    16
       Beef jerky        |       |       |       |       |       |       |       |     3 |     6 ||     9
       Meat ration       |       |       |       |       |       |       |       |     2 |     4 ||     6
Armor: Robe              |     5 |     9 |    22 |       |       |       |       |       |       ||    36
       Leather armour    |       |       |     6 |    75 |    54 |    45 |    18 |    30 |    59 ||   287
Dodge: Dodged            |    26 |    32 |   114 |   148 |   138 |    80 |    61 |    73 |   358 ||  1030
       Deflected         |       |       |       |       |       |     3 |     6 |     5 |    12 ||    26
Block: Other             |       |       |       |       |       |       |     4 |    12 |     4 ||    20
       Reflection        |       |       |       |       |       |       |     3 |     2 |       ||     5
